 Dungeon Crawl Stone Soup version 0.27-a0-1342-ga99462a43c (webtiles) character file.

Game seed: 3390574673521565478

9 Delamore the Sneak (level 2, -2/19 HPs)
             Began as an Octopode Brigand on June 27, 2021.
             Frozen to death by an endoplasm (5 damage)
             ... on level 1 of the Dungeon.
             The game lasted 00:00:19 (76 turns).

Delamore the Sneak (Octopode Brigand)                 Turns: 76, Time: 00:00:20

Health: -2/19      AC:  1    Str: 10    XL:     2   Next: 16%
Magic:  2/2        EV: 12    Int: 13    God:
Gold:   19         SH:  0    Dex: 13    Spells: 1/1 levels left

rFire    . . .     SeeInvis .   a - +2 dagger
rCold    . . .     Faith    .   (no shield)
rNeg     . . .     Spirit   .   (helmet restricted)
rPois    .         Reflect  .   (no amulet)
rElec    .         Harm     .   (no ring)
rCorr    .         Rampage  .   (no ring)
Will     .....                  (no ring)
Stlth    ++++......             (no ring)
HPRegen  0.06/turn              (no ring)
MPRegen  0.08/turn              (no ring)
                                (no ring)
                                (no ring)

@: no status effects
A: almost no armour, amphibious, 8 rings, camouflage 1, gelatinous body 1,
(nimble swimmer 1), tentacles
a: no special abilities


You were on level 1 of the Dungeon.
You visited 1 branch of the dungeon, and saw 1 of its levels.

You collected 19 gold pieces.

Inventory:

Hand Weapons
 a - a +2 dagger (weapon)
Missiles
 b - 8 poisoned darts (quivered)
 c - 2 curare-tipped darts
Scrolls
 d - a scroll of enchant armour {unknown}


   Skills:
 + Level 2.2 Fighting
 + Level 2.2 Short Blades
 - Level 2.0 Throwing
 - Level 1.0 Dodging
 * Level 5.7 Stealth


You had one spell level left.
You didn't know any spells.
Your spell library was empty.

Dungeon Overview and Level Annotations

Branches:
Dungeon (1/15)

Altars:


Innate Abilities, Weirdness & Mutations

You cannot wear most types of armour.
You are amphibious.
You can wear up to eight rings at the same time.
Your skin changes colour to match your surroundings (Stealth+).
Your rubbery body absorbs attacks. (AC +1, EV +1)
((You are camouflaged near water. (Stealth+)))
You have tentacles for arms and can constrict up to eight enemies at once.


Message History

You kill the giant cockroach!
The endoplasm quivers.
The frilled lizard bites you.
You hit the ball python but do no damage.
Your grab misses the ball python. The ball python closely misses you.
The ball python grabs you. The ball python constricts you.
The frilled lizard bites you.
You hit the ball python. Your grab misses the ball python.
The ball python is severely wounded.
The ball python bites you. The ball python constricts you.
The frilled lizard closely misses you.
You hit the ball python.
You kill the ball python!
You miss the frilled lizard. Your grab misses the frilled lizard.
Your squeeze misses the frilled lizard. The frilled lizard misses you.
You closely miss the frilled lizard. Your grab misses the frilled lizard.
The frilled lizard closely misses you.
You closely miss the frilled lizard. You grab the frilled lizard.
You constrict the frilled lizard. The frilled lizard closely misses you.
You hit the frilled lizard.
You kill the frilled lizard!
The endoplasm freezes you.
You are frozen.
You hit the endoplasm but do no damage. The endoplasm freezes you.
You are frozen.
You are too injured to fight recklessly!
You are too injured to fight recklessly!
You are too injured to fight recklessly!
You are too injured to fight recklessly!
You hit the endoplasm but do no damage. The endoplasm hits you.
* * * LOW HITPOINT WARNING * * *
You hit the endoplasm.
The endoplasm is heavily wounded.
The endoplasm hits you but does no damage.
You completely miss the endoplasm.
The endoplasm is heavily wounded.
The endoplasm freezes you.
You are frozen.
You die...

########### #.........#
.....? #.........# .....
#.........#### .....
#####.......>###.#.#
#..............#
#.....†........##
#.........†.J...###
#........#.@†......
#..........#.......
###†.#..#..........
#######..###............
#..........#......###.#.
#.#........#..#.### #
#.....).....#.#####.
#....................
########...#..#..#..#


You could see an endoplasm.

Vanquished Creatures
  A bat (D:1)
  A giant cockroach (D:1)
  A goblin (D:1)
  A hobgoblin (D:1)
  A quokka (D:1)
  A ball python (D:1)
  A frilled lizard (D:1)
  2 rats (D:1)
9 creatures vanquished.

Notes
Turn   | Place    | Note
-------+----------+-------------------------------------------
     0 | D:1      | Delamore the Octopode Brigand began the quest for the Orb.
     0 | D:1      | Reached XP level 1. HP: 14/14 MP: 1/1
    51 | D:1      | Reached XP level 2. HP: 19/19 MP: 2/2
    76 | D:1      | Frozen to death by an endoplasm

Illustrated notes

Levels and vault maps discovered:
D:1:      amcnicky_arrival_choice, layout_rooms, hangedman_abyss_or_decor_stabs,
          minmay_strange_pillars

Action                   || total
-------------------------++-------
Melee: Dagger            ||    19
       Constrict         ||     2
       Tentacles         ||     2
 Stab: Sleeping          ||     5
Armor: Skin              ||     1
Dodge: Dodged            ||    10

Table legend: (Time is in decaauts)
 A = Elapsed time spent in this place.
 B = Non-inter-level travel time spent in this place.
 C = Inter-level travel time spent in this place.
 D = Time resting spent in this place.
 E = Time spent auto-exploring this place.
 F = Levels seen in this place.
 G = Mean time per level.
                   A        B        C        D        E       F      G
               +--------+--------+--------+--------+--------+-----+--------+
         Total |     74 |     74 |      0 |      0 |     19 |   1 |   74.0 |
       Dungeon |     74 |     74 |      0 |      0 |     19 |   1 |   74.0 |
               +--------+--------+--------+--------+--------+-----+--------+

Top non-repeatable levels by time:
     D:1: 74 daAuts
